Alicia, chaotic female human Wizard ----- ----------- |...| #-.........| |...| #|.........| |...| #|.........| |.>.| #|..........#### |..{| #|.........| --------------- |...| #--------.-- `#####################|.............| --.-- # # #------------ #-..............# ## # # #|..........| # |.............|# # # # @ #|..........| ### ---------------# # -|------# #h########|..........| # ### # |.......# ---.- #|..........| ### # # |......| |....###%###|..........| # ### # |......+ |...| #-...........#### # -----.- |(.....| |....#######------------ ##.<....| -------- |`..| |.....| ----- |.....| ------- Alicia the Conjurer Experience level: 5 Strength: 10 Dexterity: 15 Constitution: 15 Intelligence: 18 Wisdom: 8 Charisma: 12 Health: 0(42) Energy: 19(38) Def: 1 Gold: 347 Moves: 1901 Dungeon seed: -HaL0M6Ze8szkKJx Game ID: Alicia_1543351660 Your Inventory: Coins $ - 347 gold pieces Weapons a - a blessed +1 quarterstaff (weapon in hands) Armor e - an uncursed +0 cloak of magic resistance (being worn) Comestibles C - an uncursed lichen corpse D - 2 uncursed rothe corpses Scrolls i - an uncursed scroll of food detection j - an uncursed scroll of earth k - an uncursed scroll of scare monster q - a blessed scroll of food detection v - a blessed scroll of identify Spellbooks l - a blessed spellbook of force bolt m - an uncursed spellbook of detect food E - an uncursed spellbook of finger of death F - an uncursed spellbook of teleport away Potions f - an uncursed potion of invisibility g - an uncursed potion of gain energy h - an uncursed potion of sickness p - an uncursed potion of object detection Rings c - an uncursed +1 ring of gain strength (on left hand) d - an uncursed ring of conflict Wands b - a wand of magic missile (0:6) r - a wand of speed monster (0:6) s - a wand of probing (0:6) Spells and supernatural/magical abilities: Name Level Category Fail Memory a - force bolt 1 attack 0% 91% E - detect food 2 divination 53% 91% W - pray for help -- divine ? -- Your skills at the end: Fighting Skills Weapon Skills quarterstaff [Basic] Spellcasting Skills attack spells [Basic] enchantment spells [Basic] Final Attributes: You were piously aligned. You were magic-protected. You are dead. Vanquished creatures: a shrieker 3 giant ants a floating eye a kitten 2 rothes a giant bat a coyote a gas spore a hobbit 2 manes 2 giant rats a cave spider 2 geckos 5 jackals 3 goblins 3 sewer rats 7 grid bugs 5 lichens a kobold zombie 2 newts 45 creatures vanquished. Voluntary challenges: You followed a strict vegan diet. You were an atheist. You used a wielded weapon 47 times, starting on turn 1. You read items or engraved 2 times, starting on turn 1718. You never genocided any monsters. You never polymorphed an object. You never changed form. You used no wishes. You never split a pudding. You never wrote Elbereth's name. You violated your moral code, losing 15 points of alignment, starting on turn 81. Dungeon overview: The Dungeons of Doom: levels 1 to 4 Level 1 a long staircase Level 2 Level 3 an altar to Anhur, a fountain, a sink a long staircase Level 4 <- You were here a fountain History has recorded: On T:1 you entered the Dungeons of Doom to retrieve the Amulet of Yendor! On T:81 you advanced to experience level 2. On T:106 you advanced to experience level 3. On T:341 you reached level 2 of The Dungeons of Doom. On T:733 you reached level 3 of The Dungeons of Doom. On T:1037 you advanced to experience level 4. On T:1284 you reached level 4 of The Dungeons of Doom. On T:1680 you advanced to experience level 5. Score breakdown: Gold: 347 ( 8645 points) Experience: 5 levels (11141 points) Exploration: 4 levels ( 8.33%) ( 7579 points) Discoveries: 0 items ( 0.00%) ( 0 points) Valuables value: (no points given unless you survive) Artifact value: 0 ( 0 points) Variety of kills: 20 monsters ( 5.25%) ( 6873 points) Turncount: 1901 turns ( 0 points) Survival: died (score multiplied by 80%) Total score: 27390 Latest messages: You are not wearing that. The door opens. This door is locked. That door is closed. (2x) The giant ant bites! (3x) You hit the giant ant. The giant ant bites! (3x) You miss the giant ant. The giant ant bites! (3x) The spell misses the giant ant. The giant ant bites! (3x) The spell hits the giant ant! You kill the giant ant! The hobbit hits! (2x) You die... Final status: Goodbye Alicia the Wizard, killed by a hobbit... You died in The Dungeons of Doom on dungeon level 4 with 27390 points, and 347 pieces of gold, after 1901 moves. You were level 5 with a maximum of 42 hit points when you died.